 Dungeon Crawl Stone Soup version 0.31-a0-145-g046c7d2549 (webtiles) character file.

Game seed: 4372135475315676646

96 qw the Shooter (level 4, -3/40 HPs)
             Began as a Minotaur Hunter on June 7, 2023.
             Slain by a gnoll
             ... wielding a +0 spear
              (5 damage)
             ... on level 3 of the Dungeon.
             The game lasted 00:00:30 (1403 turns).

qw the Shooter (Minotaur Hunter)                    Turns: 1403, Time: 00:00:31

Health: -3/40      AC:  6    Str: 16    XL:     4   Next: 41%
Magic:  3/3        EV: 11    Int:  6    God:
Gold:   65         SH:  0    Dex: 15    Spells: 3/3 levels left

rFire   . . .        Y - +3 shortbow
rCold   . . .        (shield currently unavailable)
rNeg    . . .        f - +0 ring mail
rPois   .            (helmet restricted)
rElec   .            j - +0 cloak
rCorr   .            (no gloves)
SInv    .            (no boots)
Will    .....        (no amulet)
Stlth   +            (no ring)
HPRegen 0.26/turn    (no ring)
MPRegen 0.08/turn

%: no passive effects
@: about to teleport
A: horns 2, retaliatory headbutt
a: no special abilities


You were on level 3 of the Dungeon.
You visited 1 branch of the dungeon, and saw 4 of its levels.

You collected 65 gold pieces.


Innate Abilities, Weirdness & Mutations

You have a pair of horns on your head.
You reflexively headbutt those who attack you in melee.


   Skills:
 - Level 3.8 Fighting
 + Level 5.5 Ranged Weapons
 - Level 1.6 Armour
 - Level 2.1 Dodging
 - Level 0.7 Stealth


You had 3 spell levels left.
You didn't know any spells.
Your spell library was empty.

Inventory:

Hand Weapons
 Y - a +3 shortbow (weapon)
Armour
 f - a +0 ring mail (worn)
 j - a +0 cloak (worn)
Scrolls
 b - a scroll of teleportation
Potions
 a - a potion of curing {unknown}
 e - a potion of might

Dungeon Overview and Level Annotations

Branches:
Dungeon (4/15)
 Temple: D:4-7

Altars:


Message History

The gnoll hits you with a +0 club.
The gnoll hits you from afar with a +0 spear.
The gnoll closely misses you. x2; The gnoll misses you.
You shoot an arrow. The arrow hits the gnoll!
You kill the gnoll!
The gnoll hits you from afar with a +0 spear.
The gnoll barely misses you.
You shoot an arrow. The arrow closely misses the gnoll.
The gnoll hits you from afar with a +0 spear.
The gnoll hits you with a +0 whip.
You shoot an arrow. The arrow hits the gnoll.
The gnoll is moderately wounded.
The gnoll closely misses you. You furiously retaliate!
You headbutt the gnoll, but do no damage.
The gnoll barely misses you.
You shoot an arrow. The arrow closely misses the gnoll.
The gnoll misses you. x2
You shoot an arrow. The arrow barely misses the gnoll.
The gnoll hits you with a +0 whip.
The gnoll hits you from afar with a +0 spear.
The gnoll closely misses you. The gnoll misses you.
You shoot an arrow. The arrow hits the gnoll.
The gnoll is severely wounded.
The gnoll closely misses you. The gnoll hits you with a +0 whip.
You shoot an arrow. The arrow barely misses the gnoll.
The gnoll barely misses you. The gnoll hits you with a +0 whip.
You shoot an arrow. The arrow hits the gnoll.
The gnoll is almost dead.
The gnoll hits you with a +0 whip.
The gnoll hits you from afar with a +0 spear.
1402 ||| READING 2 scrolls of teleportation.
As you read the scroll of teleportation, it crumbles to dust.
You feel strangely unstable. The gnoll hits you with a +0 whip.
The gnoll hits you from afar with a +0 spear.
You shoot an arrow. The arrow hits the gnoll.
You kill the gnoll!
The gnoll closely misses you.
The gnoll hits you from afar with a +0 spear.
You die...

##########
#........#
#........#
+......... #...
##..###.<.......
#...
.....g)@.######.
... ......)).#
.. ....###### .
### . ....#
...... .#.#.# #


You could see a gnoll.

Vanquished Creatures
  A hound (D:4)
  3 gnolls (D:3)
  2 adders
  A worm (D:2)
  A dart slug (D:3)
  A ball python (D:1)
  2 bats
  3 goblins (D:2)
  2 hobgoblins (D:2)
  3 quokkas
  2 frilled lizards
  3 kobolds
  3 rats
27 creatures vanquished.

Notes
Turn   | Place    | Note
-------+----------+-------------------------------------------
     0 | D:1      | qw the Minotaur Hunter began the quest for the Orb.
     0 | D:1      | Reached XP level 1. HP: 18/18 MP: 0/0
     0 | D:1      | 0 ||| qw: Version: 0.2-a-117-gc6b5c8b
     0 | D:1      | 0 ||| qw: Game counter: 2492
     0 | D:1      | 0 ||| qw: Always use a shield: true
     0 | D:1      | 0 ||| qw: God list: Okawaru
     0 | D:1      | 0 ||| qw: Allow faded altars: false
     0 | D:1      | 0 ||| qw: Do Orc after D:15 true
     0 | D:1      | 0 ||| qw: Do second Lair branch before Depths: true
     0 | D:1      | 0 ||| qw: Lair rune preference: random
     0 | D:1      | 0 ||| qw: Plans: Normal
     0 | D:1      | 0 ||| PLANNING D:1-11
   616 | D:1      | 616 ||| UPGRADING to +0 ring mail.
   626 | D:1      | 626 ||| DROPPING +0 leather armour.
   627 | D:1      | 627 ||| UPGRADING to +0 cloak.
   632 | D:1      | 632 ||| READING scroll labelled ICAUMPU BE SIA.
   633 | D:1      | 633 ||| READING scroll labelled VIUPPI EPRY.
   634 | D:1      | 634 ||| READING 2 scrolls labelled YFFUTZ JOERIADGH.
   635 | D:1      | 635 ||| READING scroll of enchant weapon.
   635 | D:1      | 635 ||| ENCHANTING +1 shortbow.
   636 | D:1      | 636 ||| DRINKING 2 lumpy ruby potions.
   637 | D:1      | 637 ||| DROPPING scroll of butterflies.
   670 | D:2      | Reached skill level 1 in Armour
   670 | D:2      | Reached XP level 2. HP: 25/25 MP: 1/1
   836 | D:2      | Reached skill level 5 in Ranged Weapons
   918 | D:2      | You fall into a shaft and drop 2 floors!
   941 | D:4      | Reached skill level 3 in Fighting
   941 | D:4      | Reached XP level 3. HP: 20/33 MP: 2/2
  1003 | D:4      | 1003 ||| READING 2 scrolls labelled ANUVAWN XINYN.
  1004 | D:4      | 1004 ||| READING scroll labelled ARUUMNEAKHLU.
  1005 | D:4      | 1005 ||| DRINKING 2 viscous green potions.
  1006 | D:4      | 1006 ||| DROPPING scroll of fog.
  1007 | D:4      | 1007 ||| DROPPING potion of brilliance.
  1011 | D:4      | 1011 ||| FLEEEEING.
  1013 | D:4      | 1013 ||| STAIRDANCE
  1019 | D:3      | Reached XP level 4. HP: 38/40 MP: 3/3
  1034 | D:3      | 1034 ||| FLEEEEING.
  1035 | D:3      | 1035 ||| STAIRDANCE
  1285 | D:2      | 1285 ||| READING scroll of enchant weapon.
  1285 | D:2      | 1285 ||| ENCHANTING +2 shortbow.
  1355 | D:2      | 1355 ||| DROPPING ring of flight.
  1356 | D:2      | 1356 ||| READING 3 scrolls labelled KOLOLL MEUZUS.
  1401 | D:3      | HP: 9/40 [gnoll/+0 whip (6)]
  1402 | D:3      | 1402 ||| READING 2 scrolls of teleportation.
  1402 | D:3      | HP: 4/40 [gnoll/+0 whip (2)]
  1403 | D:3      | Slain by a gnoll

Levels and vault maps discovered:
D:1:      doesnt_arrival_eight_statues, layout_loops_ring
D:2:      layout_rooms, serial_bayou_lagoon_b
D:3:      layout_basic, nemelex_spade_bored_becter, elyvilon_altar_4,
          grunt_dithmenos_smoke_and_mirrors,
          hellmonk_ecumenical_altar_heavens_door
D:4:      layout_loops_cross, serial_undead, serial_undead_d, serial_undead_b,
          serial_undead_d, serial_undead_c, serial_undead_e, serial_undead_e

Skill      XL: |  1  2 |
---------------+-------+-----
Armour         | 1 |  1.6
Ranged Weapons | 5 |  5.5
Fighting       | 3 |  3.8
Dodging        | |  2.1
Stealth        | |  0.7

Action                     |  1- 3 |  4- 6 || total
---------------------------+-------+-------++-------
   Fire: Shortbow          |    68 |    25 ||    93
    Use: Scroll            |     6 |     3 ||     9
         Potion            |     2 |       ||     2
 Armour: Ring mail         |     9 |     2 ||    11
         Leather armour    |     1 |       ||     1
  Dodge: Dodged            |    25 |    17 ||    42

Table legend:
 A = Non-vault XP
 B = Vault XP
 C = Vault XP percentage of total XP
 D = Non-vault monster count
 E = Vault monster count
 F = Vault count percentage of total count
                 A         B        C        D         E       F
            +---------+---------+-------+---------+---------+-------
      Total |     153 |       0 |   0.0 |      27 |       0 |   0.0
            +---------+---------+-------+---------+---------+-------
        D:1 |       8 |       0 |   0.0 |       5 |       0 |   0.0
        D:2 |      37 |       0 |   0.0 |      14 |       0 |   0.0
        D:3 |      65 |       0 |   0.0 |       7 |       0 |   0.0
        D:4 |      43 |       0 |   0.0 |       1 |       0 |   0.0
            +---------+---------+-------+---------+---------+-------
